 Dungeon Crawl Stone Soup version 0.30-a0-622-gddc90eaa04 (webtiles) character file.

Game seed: 9587580584678103004

77 Leeroy the Sneak (level 4, 0/24 HPs)
             Began as a Kobold Enchanter on Jan 10, 2023.
             Frozen to death by an endoplasm (2 damage)
             ... on level 3 of the Dungeon.
             The game lasted 00:02:05 (1980 turns).

Leeroy the Sneak (Kobold Enchanter)                 Turns: 1980, Time: 00:02:05

Health: 0/24       AC:  2    Str:  5    XL:     4   Next: 58%
Magic:  2/7        EV: 15    Int: 16    God:
Gold:   144        SH:  0    Dex: 17    Spells: 2/7 levels left

rFire   . . .      SeeInvis .    l - +1 short sword (venom)
rCold   . . .      Faith    .    (no shield)
rNeg    . . .      Spirit   .    b - +0 robe
rPois   .          Reflect  .    (no helmet)
rElec   .          Harm     .    (no cloak)
rCorr   .          Rampage  .    (no gloves)
Will    .....                    (no boots)
Stlth   ++++                     (no amulet)
HPRegen 0.24/turn                (no ring)
MPRegen 0.10/turn                (no ring)

@: confusing by touch
A: small, no large weapons, nightstalker 3
a: no special abilities


You were on level 3 of the Dungeon.
You visited 1 branch of the dungeon, and saw 3 of its levels.

You collected 144 gold pieces.

Inventory:

Hand Weapons
 a - a +1 dagger
 l - a +1 short sword of venom (weapon)
Armour
 b - a +0 robe (worn)
Scrolls
 e - 3 scrolls of identify {unknown}
 h - a scroll of magic mapping {unknown}
 i - 2 scrolls of brand weapon {unknown}
 j - a scroll of noise {unknown}
 k - a scroll of torment {unknown}
 m - a scroll of amnesia {unknown}
 n - a scroll of blinking {unknown}
 o - a scroll of teleportation {unknown}
Potions
 c - 3 potions of invisibility
 d - a potion of magic {unknown}
 f - a potion of degeneration {unknown}
 g - 3 potions of curing {unknown}


   Skills:
 - Level 1.3 Short Blades
 - Level 2.4 Dodging
 + Level 6.2 Stealth
 - Level 2.1 Spellcasting
 - Level 3.5 Hexes
 * Level 1.0 Ice Magic


You had 2 spell levels left.
You knew the following spells:

 Your Spells              Type           Power      Damage    Failure   Level
a - Ensorcelled Hibernat  Hex/Ice        18%        N/A       12%         2
b - Confusing Touch       Hex            12%        N/A       14%         3

Your spell library contained the following spells:

 Spells                   Type           Power      Damage    Failure   Level
 Tukima's Dance           Hex            12%        N/A       14%         3
 Dazzling Flash           Conj/Hex       14%        N/A       30%         3
 Passage of Golubria      Tloc           1%         N/A       90%         4
 Yara's Violent Unravell  Hex/Tmut       3%         3d4       95%         5


Dungeon Overview and Level Annotations

Branches:
Dungeon (3/15)

Altars:

Shops:
D:1 *

Annotations:
D:3 Pargi


Innate Abilities, Weirdness & Mutations

You are small and have problems with some larger weapons.
You are completely attuned to the shadows.


Message History

Found a stone staircase leading down.
Pargi and an endoplasm come into view.
Found an emerald potion.
Pargi shouts!
The endoplasm quivers.
Casting: Ensorcelled Hibernation (safe; 12% risk of failure)
Confirm with . or Enter, or press ? or * to list all spells.
Aiming: Ensorcelled Hibernation (safe; 12% risk of failure)
Press: ? - help, Shift-Dir - straight line, f - Pargi
Aim: Pargi (chance to affect: 51%) Pargi looks drowsy...
The helpless Pargi fails to defend himself.
You impale Pargi!!
Pargi is poisoned.
Pargi is severely wounded.
Pargi barely misses you. Pargi claws you but does no damage.
Pargi barely misses you. The endoplasm hits you.
You hit Pargi.
Pargi looks even sicker.
Pargi is severely wounded.
Pargi closely misses you. Pargi misses you. Pargi claws you.
The endoplasm freezes you.
You are frozen.
You closely miss Pargi.
Pargi is severely wounded.
Pargi closely misses you. Pargi claws you. x2
The endoplasm closely misses you.
Okay, then.
Casting: Ensorcelled Hibernation (safe; 12% risk of failure)
Confirm with . or Enter, or press ? or * to list all spells.
The spell is quite dangerous to miscast (14% risk of failure)!
Continue anyway? [Y]es or [N]o only, please.
The spell is quite dangerous to miscast (14% risk of failure)!
Continue anyway?
Your hands begin to glow red.
Pargi bites you.
* * * LOW HITPOINT WARNING * * *
Pargi claws you.
* * * LOW HITPOINT WARNING * * *
Pargi claws you.
* * * LOW HITPOINT WARNING * * *
The endoplasm freezes you.
You are frozen.
You die...

##.!.## ##.....# ####
#....... #..#
#..J....
##..##########..@T...
#...................#
...###########.>.....
#.## #....... ..#
#....... .#########
...... #........#
#........# #........#


You could see Pargi (very poisoned) and an endoplasm.

Vanquished Creatures
  2 adders (D:2)
  A worm (D:2)
  4 orcs
  4 endoplasms (D:1)
  4 giant cockroaches
  4 goblins
  6 hobgoblins
  3 quokkas
  7 ball pythons
  4 bats
  A frilled lizard (D:2)
  3 kobolds
  4 rats
47 creatures vanquished.

Notes
Turn   | Place    | Note
-------+----------+-------------------------------------------
     0 | D:1      | Leeroy the Kobold Enchanter began the quest for the Orb.
     0 | D:1      | Reached XP level 1. HP: 10/10 MP: 3/3
    65 | D:1      | Reached XP level 2. HP: 9/15 MP: 5/5
    78 | D:1      | Learned a level 2 spell: Ensorcelled Hibernation
   161 | D:1      | Found Xexitio's General Store.
   513 | D:1      | Reached XP level 3. HP: 19/19 MP: 6/6
   528 | D:1      | Reached skill level 5 in Stealth
   979 | D:2      | Reached XP level 4. HP: 24/24 MP: 7/7
  1310 | D:2      | Reached skill level 6 in Stealth
  1342 | D:2      | Reached skill level 1 in Ice Magic
  1866 | D:2      | Learned a level 3 spell: Confusing Touch
  1973 | D:3      | Noticed Pargi
  1980 | D:3      | Frozen to death by an endoplasm

Illustrated notes

Levels and vault maps discovered:
D:1:      dpeg_arrival_arbitrary_c, layout_basic, serial_shops,
          nicolae_shop_competitors_out_of_business
D:2:      minmay_evil_eye, layout_rooms, small_statue_intersection
D:3:      cheibrodos_helix_gallery, layout_rooms, trog_book, serial_shops,
          nicolae_square_shop, minmay_strange_pillars, uniq_pargi

Skill      XL: |  1  2  3  4 |
---------------+-------------+-----
Stealth        | 5 6 |  6.2
Ice Magic      | 1 |  1.0
Short Blades   | |  1.3
Dodging        | |  2.4
Spellcasting   | |  2.1
Hexes          | |  3.5

Action                   |  1- 3 |  4- 6 || total
-------------------------+-------+-------++-------
Melee: Dagger            |    74 |     1 ||    75
       Short sword       |       |    22 ||    22
 Cast: Ensorcelled Hiber |     5 |     2 ||     7
       Confusing Touch   |       |     1 ||     1
 Stab: Sleeping          |    19 |    10 ||    29
Armor: Robe              |     3 |     3 ||     6
Dodge: Dodged            |    34 |    29 ||    63

Table legend: (Time is in decaauts)
 A = Elapsed time spent in this place.
 B = Non-inter-level travel time spent in this place.
 C = Inter-level travel time spent in this place.
 D = Time resting spent in this place.
 E = Time spent auto-exploring this place.
 F = Levels seen in this place.
 G = Mean time per level.
                   A        B        C        D        E       F      G
               +--------+--------+--------+--------+--------+-----+--------+
         Total |   1973 |   1917 |     56 |    511 |   1113 |   3 |  657.7 |
       Dungeon |   1973 |   1917 |     56 |    511 |   1113 |   3 |  657.7 |
               +--------+--------+--------+--------+--------+-----+--------+

Top non-repeatable levels by time:
     D:2: 1302 daAuts
     D:1: 540 daAuts
     D:3: 130 daAuts
